 Dungeon Sprint DCSS version 0.29-a0-613-gf2c431b9b9 (webtiles) character file.

Game seed: 15541961485389358712

11746 mhtbhm the Convoker (level 11, -4/62 HPs)
             Began as a Tengu Summoner on June 16, 2022.
             Was an Initiate of Gozag.
             Slain by a ghost moth (8 damage)
             ... called by a spriggan druid
             ... in the Dungeon (Sprint VII: "The Pits").
             The game lasted 00:19:38 (4538 turns).

mhtbhm the Convoker (Tengu Summoner)                Turns: 4538, Time: 00:19:39

Health: -4/62      AC:  8    Str:  7 (8)  XL:     11   Next: 82%
Magic:  0/45       EV: 17    Int: 15 (18) God:    Gozag
Gold:   492        SH:  0    Dex: 15      Spells: 24/41 levels left

rFire   . . .      SeeInvis +   k - +2 halberd (protect)
rCold   + . .      Faith    .   (shield currently unavailable)
rNeg    + . .      Spirit   +   a - +4 moon troll leather armour {Spirit, Regen++ MP+5}
rPois   .          Reflect  .   (helmet restricted)
rElec   .          Harm     .   (no cloak)
rCorr   .          Rampage  .   (no gloves)
Will    .....      NoTele   +   (boots unavailable)
Stlth   +++.......              t - amulet of the Falcon {Acrobat rC+ rN+ Str-2}
HPRegen 1.80/turn               g - ring of see invisible
MPRegen 0.29/turn               u - ring of magical power

@: gold aura, flying quickly and evasively, quick
A: beak, talons 3, nimble flight
a: Renounce Religion, Potion Petition, Call Merchant, Bribe Branch


You were in the Dungeon.
You worshipped Gozag.
Gozag was aware of your devotion.
You visited 1 branch You collected 5148 gold pieces.
You spent 2851 gold pieces at shops.
You paid 1805 gold pieces to Gozag.

Inventory:

Hand Weapons
 k - a +2 halberd of protection (weapon)
Missiles
 p - 8 poisoned darts (quivered)
 s - 7 javelins
Armour
 a - the +4 moon troll leather armour (worn) {Spirit, Regen++ MP+5}
   (You bought it in a shop in the Dungeon)

   MP:        It affects your magic capacity (+5).
   Regen:     It increases your rate of health regeneration.
Jewellery
 c - a +3 ring of protection
 d - a +3 ring of intelligence
 g - a ring of see invisible (left hand)
 t - the amulet of the Falcon (around neck) {Acrobat rC+ rN+ Str-2}
   (You bought it in a shop in the Dungeon)

   [amulet of the acrobat]

   It increases your evasion while moving and waiting.
   Str:       It affects your strength (-2).
   rC:        It protects you from cold.
   rN:        It protects you from negative energy.
 u - a ring of magical power (right hand)
Wands
 q - a wand of paralysis (12)
Scrolls
 i - 5 scrolls of amnesia
Potions
 b - 2 potions of magic
 e - 3 potions of brilliance
 f - 3 potions of berserk rage
 j - a potion of resistance
 m - a potion of might
 n - a potion of mutation
 r - a potion of degeneration {unknown}


   Skills:
 + Level 4.9 Fighting
 + Level 9.6 Polearms
 + Level 0.2 Throwing
 + Level 3.2 Armour
 + Level 6.4 Dodging
 + Level 5.4 Stealth
 + Level 15.8 Spellcasting
 + Level 4.6 Hexes
 + Level 20.7 Summonings
 + Level 2.4 Ice Magic
 + Level 9.4 Air Magic


You had 24 spell levels left.
You knew the following spells:

 Your Spells              Type           Power      Damage    Failure   Level
a - Summon Small Mammal   Summ           100%       N/A       0%          1
b - Call Imp              Summ           65%        N/A       0%          2
c - Call Canine Familiar  Summ           65%        N/A       0%          3
d - Summon Guardian Gole  Hex/Summ       49%        N/A       1%          3
e - Summon Lightning Spi  Summ/Air       54%        N/A       1%          4
f - Summon Ice Beast      Ice/Summ       46%        N/A       1%          4

Your spell library contained the following spells:

 Spells                   Type           Power      Damage    Failure   Level
 Ozocubu's Armour         Ice            19%        N/A       9%          3
 Spider Form              Tmut/Pois      11%        N/A       24%         3
 Hailstorm                Conj/Ice       15%        3d5       43%         4


Dungeon Overview and Level Annotations

Branches:
Dungeon (1/1)

Altars:
Ashenzari
Cheibriados
Dithmenos
Elyvilon
Fedhas
Gozag
Hepliaklqana
Kikubaaqudgha
Makhleb
Nemelex Xobeh
Okawaru
Qazlal
Ru
Sif Muna
Trog
Uskayaw
Vehumet
Wu Jian
Xom
Yredelemnul
Zin
The Shining One
Beogh
Jiyva
Lugonu

Shops:
D =:[


Innate Abilities, Weirdness & Mutations

You have a beak for a mouth.
You have claws for feet.
Your magical nature lets you fly swiftly and evasively.


Message History

You feel you are being watched by something.
You feel your power leaking away.
Something hits you! x2; Something stings you.
Unknown command.
You feel you are being watched by something.
You feel your power leaking away. Something hits you!
Something completely misses you. Something misses you.
Unknown command.
Something misses you. Something hits you!
You feel weakened. Something stings you!
* * * LOW HITPOINT WARNING * * *
You feel dopey.
There is an entrance to Zac Dug's Jewellery Shop here.
Items here: )))) [.
g - a ring of see invisible Thank you for shopping at Zac Dug's Jewellery Shop!
You're wearing all the rings you can.
Remove which one? (? for menu, Esc to cancel) < or
c - a +3 ring of protection; > or
u - a ring of magical power You remove your +3 ring of protection.
Something barely misses you. Something hits you.
* * * LOW HITPOINT WARNING * * *
Something barely misses you.
Reactivating autopickup.
g - a ring of see invisible (left hand)
A ghost moth comes into view.
The ghost moth stares at you.
You feel your power leaking away. The ghost moth hits you!
* * * LOW HITPOINT WARNING * * *
The ghost moth completely misses you. The ghost moth barely misses you.
Unknown command.
Unknown command.
Okay, then.
You swap places.
The ghost moth attacks as you move away!
The ghost moth misses you. The ghost moth hits you!
You die...
Your body crumbles into a pile of gold.

)))['............∩...''.)########
#####..[...#..#......##..(.......
# #................##.......... #
####'#####''################# #
#.......##'8# ##### ## ### #
#.......##.)###...###..+ ..# #
#.......##...##...##..# 4.## #
#...<...###y9.##'##..## m.'.
#.......# ##@.[.......## ..# .
#.......###..###'###...##'## ###
#.......##..##4....##..#...# #..
##########.)'.....$$§l.'...'
#.############).##....§##..#$..#
#.#....#..[[###..###'###.(.##$##
#'#....#..[[# ##..........## ..#
#)'....'..))# #...##'##..## ..'.
#'#....#..))##...##...##..# 9.##


You could see a ghost moth (invisible), a friendly guardian golem (summoned), a
friendly ice beast (summoned, sheltered) and a friendly lightning spire
(summoned, sheltered).

Vanquished Creatures
  A hellwing (D)
  A dream sheep (D)
  2 floating eyes (D)
  An iron imp (D)
  An orc wizard (D)
  3 gnolls (D)
  A river rat (D)
  2 orcs (D)
  A bat skeleton (D)
  A bat zombie (D)
14 creatures vanquished.

Vanquished Creatures (collateral kills)
  Erolcha (D)
  An anaconda (D)
  An alligator snapping turtle (D)
  A spriggan druid (D)
  An orc sorcerer (D)
  A merfolk siren (D)
  A cyclops (D)
  A naga mage (D)
  A smoke demon (D)
  3 molten gargoyles (D)
  An unseen horror (D)
  2 komodo dragons (D)
  An ice devil (D)
  A merfolk (D)
  5 dream sheep (D)
  A jumping spider (D)
  A wraith (D)
  A wyvern (D)
  2 redbacks (D)
  Menkaure (D)
  A naga (D)
  Duvessa (D)
  A centaur (D)
  3 kobold brigands (D)
  A small abomination (D)
  Dowan (D)
  4 killer bees (D)
  2 quasits (D)
  A gnoll shaman (D)
  An iron imp (D)
  An iguana (D)
  A hell rat (D)
  An orc wizard (D)
  A gnoll (D)
  2 endoplasms (D)
  A giant cockroach (D)
  A hobgoblin (D)
  A frilled lizard (D)
53 creatures vanquished.

Vanquished Creatures (others)
  An anaconda (D)
  Urug (D)
  A lindwurm (D)
  A kobold demonologist (D)
  A demonic crawler (D)
  A troll (D)
  A spriggan (D)
  A naga (D)
  Blork the orc (D)
  A river rat (D)
10 creatures vanquished.

Grand Total: 77 creatures vanquished

Notes
Turn   | Place    | Note
-------+----------+-------------------------------------------
     0 | D        | mhtbhm the Tengu Summoner began the quest for the Orb.
     0 | D        | Reached XP level 1. HP: 10/10 MP: 4/4
    19 | D        | Reached skill level 5 in Summonings
    25 | D        | Found a bloodstained altar of Trog.
    25 | D        | Found a shimmering blue altar of Sif Muna.
    25 | D        | Found a viscous altar of Jiyva.
    25 | D        | Found a hazy altar of Hepliaklqana.
    25 | D        | Found an opulent altar of Gozag.
    26 | D        | Found a glowing golden altar of the Shining One.
    26 | D        | Found a glowing silver altar of Zin.
    26 | D        | Found a basalt altar of Yredelemnul.
    26 | D        | Found a shimmering altar of Xom.
    26 | D        | Found an ornate altar of the Wu Jian Council.
    26 | D        | Found a sacrificial altar of Ru.
    26 | D        | Found a stormy altar of Qazlal.
    26 | D        | Found an iron altar of Okawaru.
    26 | D        | Found a sparkling altar of Nemelex Xobeh.
    26 | D        | Found a burning altar of Makhleb.
    26 | D        | Found a blossoming altar of Fedhas.
    26 | D        | Found a white marble altar of Elyvilon.
    26 | D        | Found a shadowy altar of Dithmenos.
    26 | D        | Found a snail-covered altar of Cheibriados.
    29 | D        | Found a corrupted altar of Lugonu.
    29 | D        | Found a radiant altar of Vehumet.
    30 | D        | Found an ancient bone altar of Kikubaaqudgha.
    30 | D        | Found a hide-covered altar of Uskayaw.
    30 | D        | Found a broken altar of Ashenzari.
    33 | D        | Became a worshipper of Gozag Ym Sagoz the Greedy
   131 | D        | Noticed a floating eye
   143 | D        | Reached XP level 2. HP: 9/15 MP: 2/6
   151 | D        | Reached skill level 1 in Polearms
   151 | D        | Reached skill level 6 in Summonings
   153 | D        | Paralysed by a floating eye for 2 turns
   154 | D        | Reached skill level 7 in Summonings
   154 | D        | Reached XP level 3. HP: 19/19 MP: 1/8
   155 | D        | HP: 1/28 [gnoll/+0 spear[a gnoll shaman] (9)]
   161 | D        | Paralysed by a floating eye for 3 turns
   167 | D        | Killed a floating eye
   168 | D        | Reached skill level 1 in Fighting
   168 | D        | Reached skill level 9 in Summonings
   168 | D        | Reached XP level 4. HP: 1/25 MP: 2/11
   168 | D        | Gained mutation: Your magical nature lets you fly swiftly
                  | and evasively. [Tengu growth]
   168 | D        | Reached XP level 5. HP: 2/29 MP: 2/13
   286 | D        | Reached skill level 5 in Spellcasting
   286 | D        | Reached skill level 10 in Summonings
   352 | D        | Learned a level 2 spell: Call Imp
   356 | D        | Learned a level 3 spell: Call Canine Familiar
   360 | D        | Learned a level 3 spell: Summon Guardian Golem
   365 | D        | Learned a level 4 spell: Summon Lightning Spire
   411 | D        | Noticed Dowan
   433 | D        | Noticed a floating eye
   434 | D        | Noticed Duvessa
   437 | D        | Paralysed by a floating eye for 3 turns
   447 | D        | Paralysed by a floating eye for 2 turns
   455 | D        | Paralysed by a floating eye for 4 turns
   455 | D        | Noticed Menkaure
   465 | D        | Killed a floating eye
   466 | D        | Reached skill level 5 in Polearms
   466 | D        | Reached skill level 11 in Summonings
   466 | D        | Reached XP level 6. HP: 35/35 MP: 4/16
   511 | D        | Killed Menkaure
   512 | D        | Reached skill level 1 in Hexes
   512 | D        | Reached skill level 12 in Summonings
   512 | D        | Reached skill level 1 in Air Magic
   514 | D        | Killed Duvessa
   604 | D        | Killed Dowan
   605 | D        | Reached XP level 7. HP: 22/40 MP: 4/18
   823 | D        | Noticed Blork the orc
   843 | D        | Killed Blork the orc
   998 | D        | Noticed a dream sheep
  1005 | D        | Killed a dream sheep
  1006 | D        | Reached skill level 13 in Summonings
  1368 | D        | Noticed a hellwing
  1375 | D        | Reached XP level 8. HP: 46/46 MP: 6/21
  1402 | D        | Killed a hellwing
  1681 | D        | Noticed a dream sheep
  1688 | D        | Killed a dream sheep
  1689 | D        | Reached skill level 5 in Dodging
  1689 | D        | Reached skill level 14 in Summonings
  1690 | D        | Noticed a dream sheep
  1695 | D        | Noticed a dream sheep
  1695 | D        | Noticed a dream sheep
  1696 | D        | Noticed a dream sheep
  1700 | D        | Killed a dream sheep
  1702 | D        | Killed a dream sheep
  1704 | D        | Killed a dream sheep
  1705 | D        | Reached skill level 10 in Spellcasting
  1705 | D        | Reached XP level 9. HP: 52/52 MP: 8/24
  1709 | D        | Reached skill level 5 in Stealth
  1709 | D        | Reached skill level 15 in Summonings
  1962 | D        | Noticed an anaconda
  1962 | D        | Noticed a cyclops
  2351 | D        | Noticed a komodo dragon
  2362 | D        | Killed an anaconda
  2366 | D        | Killed a komodo dragon
  2367 | D        | Reached skill level 5 in Air Magic
  2395 | D        | Killed a cyclops
  2396 | D        | Reached skill level 16 in Summonings
  2569 | D        | Bought the +4 moon troll leather armour {Spirit, Regen++
                  | MP+5} for 1471 gold pieces
  2569 | D        | Found the +4 moon troll leather armour {Spirit, Regen++
                  | MP+5}
  2579 | D        | Noticed a molten gargoyle
  2584 | D        | Noticed an alligator snapping turtle
  2630 | D        | Killed a molten gargoyle
  2630 | D        | Killed an alligator snapping turtle
  2631 | D        | Reached skill level 17 in Summonings
  2631 | D        | Reached XP level 10. HP: 34/58 MP: 11/27
  2762 | D        | Reached skill level 1 in Armour
  2767 | D        | Noticed a naga mage
  2777 | D        | Killed a naga mage
  2911 | D        | Noticed an orc sorcerer
  2917 | D        | Noticed an anaconda
  2919 | D        | Noticed a lindwurm
  2928 | D        | Killed a lindwurm
  2931 | D        | Killed an anaconda
  2932 | D        | Reached skill level 18 in Summonings
  2932 | D        | Killed an orc sorcerer
  3118 | D        | Bought the Tome of Freezing Intoxication for 432 gold
                  | pieces
  3123 | D        | Learned a level 4 spell: Summon Ice Beast
  3171 | D        | Noticed a sixfirhy
  3172 | D        | Noticed a kobold demonologist
  3176 | D        | Reached XP level 11. HP: 62/62 MP: 12/29
  3192 | D        | Reached skill level 19 in Summonings
  3536 | D        | Reached skill level 1 in Ice Magic
  3846 | D        | Noticed Erolcha
  3855 | D        | Killed Erolcha
  3988 | D        | Noticed Urug
  4000 | D        | Killed Urug
  4001 | D        | Reached skill level 15 in Spellcasting
  4001 | D        | Reached skill level 20 in Summonings
  4119 | D        | Bought the amulet of the Falcon {Acrobat rC+ rN+ Str-2} for
                  | 528 gold pieces
  4119 | D        | Bought a ring of magical power for 240 gold pieces
  4326 | D        | Noticed a spriggan druid
  4343 | D        | Killed a spriggan druid
  4355 | D        | HP: 3/62 [something (2)]
  4536 | D        | Bought a ring of see invisible for 180 gold pieces
  4537 | D        | Noticed a ghost moth
  4538 | D        | Slain by a ghost moth

Illustrated notes

Levels and vault maps discovered:
D:        pitsprint [storerooms_1, entrance_room_1, metal_vault_5, armoury_3,
          mini_pit_1, grid_room_1, main_hall_1, silver_pit, the_coven_2,
          the_vestibule_1, steel_vault_1, golden_pit, hallway_of_sentries,
          crystal_vault_5, iron_vault_3, final_vault]

Skill      XL: |  1  2  3  4  5  6  7  8  9 10 11 |
---------------+----------------------------------+-----
Summonings     | 5 7 9 11 12 13 14 17 18 20 | 20.7
Polearms       | 1 4 5 6 7 8 9 |  9.6
Spellcasting   | 3 4 6 7 8 10 12 13 15 | 15.8
Dodging        | 3 4 5 6 |  6.4
Fighting       | 1 2 3 4 |  4.9
Stealth        | 3 4 5 |  5.4
Hexes          | 1 2 3 4 |  4.6
Air Magic      | 1 3 4 6 7 9 |  9.4
Armour         | 2 3 |  3.2
Ice Magic      | 2 |  2.4
Throwing       | |  0.2

Action                   |  1- 3 |  4- 6 |  7- 9 | 10-12 || total
-------------------------+-------+-------+-------+-------++-------
Melee: Trident           |    15 |     4 |    58 |       ||    77
       Kick              |     4 |     3 |     8 |     6 ||    21
       Peck              |     1 |     1 |     6 |     4 ||    12
       Halberd           |       |       |     2 |    21 ||    23
Throw: Dart              |       |       |       |     1 ||     1
 Cast: Summon Small Mamm |    11 |     3 |    10 |     6 ||    30
       Summon Guardian G |       |     4 |    13 |    18 ||    35
       Summon Lightning  |       |     4 |    16 |    18 ||    38
       Call Canine Famil |       |     3 |    11 |    12 ||    26
       Call Imp          |       |     1 |     7 |     9 ||    17
       Summon Ice Beast  |       |       |       |     8 ||     8
Invok: Call Merchant     |       |       |     1 |     2 ||     3
  Use: Potion            |     3 |     2 |     3 |     3 ||    11
       Scroll            |       |     1 |       |     1 ||     2
 Stab: Sleeping          |     1 |       |     1 |       ||     2
       Distracted        |       |       |     1 |       ||     1
Armor: Robe              |     3 |       |     2 |       ||     5
       Troll leather arm |       |       |       |    16 ||    16
Dodge: Dodged            |    18 |     2 |    16 |    61 ||    97

Table legend: (Time is in decaauts)
 A = Elapsed time spent in this place.
 B = Non-inter-level travel time spent in this place.
 C = Inter-level travel time spent in this place.
 D = Time resting spent in this place.
 E = Time spent auto-exploring this place.
 F = Levels seen in this place.
 G = Mean time per level.
                   A        B        C        D        E       F      G
               +--------+--------+--------+--------+--------+-----+--------+
         Total |   4460 |   4460 |      0 |   2990 |      0 |   1 | 4460.0 |
       Dungeon |   4460 |   4460 |      0 |   2990 |      0 |   1 | 4460.0 |
               +--------+--------+--------+--------+--------+-----+--------+

Top non-repeatable levels by time:
       D: 4460 daAuts
